 Dungeon Crawl Stone Soup version 0.27.1-35-g4d5d836560 (webtiles) character file.

Game seed: 18232137816391247411

9524 Delamore the Slicer (level 11, -7/71 HPs)
             Began as an Octopode Brigand on May 18, 2022.
             Was an Initiate of Gozag.
             Mangled by a two-headed ogre (23 damage)
             ... on level 9 of the Dungeon.
             The game lasted 00:27:11 (14732 turns).

Delamore the Slicer (Octopode Brigand)             Turns: 14732, Time: 00:27:12

Health: -7/71      AC:  5    Str: 11    XL:     11   Next: 47%
Magic:  20/20      EV: 15    Int: 14    God:    Gozag
Gold:   289        SH:  5    Dex: 16    Spells: 10/10 levels left

rFire    . . .     SeeInvis .   v - +1 rapier (vamp)
rCold    . . .     Faith    .   y - +0 buckler
rNeg     . . .     Spirit   .   (helmet restricted)
rPois    +         Reflect  .   e - amulet of magic regeneration
rElec    .         Harm     .   l - ring of magical power
rCorr    .         Rampage  .   r - +4 ring of protection
Will     .....                  K - ring of poison resistance
Stlth    +++++.....             (no ring)
HPRegen  0.21/turn              (no ring)
MPRegen  0.42/turn              (no ring)
                                (no ring)
                                (no ring)

@: gold aura
A: almost no armour, amphibious, 8 rings, camouflage 1, gelatinous body 1,
(nimble swimmer 1), tentacles
a: Renounce Religion, Potion Petition, Call Merchant, Bribe Branch


You were on level 9 of the Dungeon.
You worshipped Gozag.
Gozag was aware of your devotion.
You visited 2 branches of the dungeon, and saw 10 of its levels.
You also visited: Ossuary and Bailey.

You collected 1611 gold pieces.
You spent 460 gold pieces at shops.
You paid 862 gold pieces to Gozag.

Inventory:

Hand Weapons
 a - a +2 dagger
 t - a +0 dagger of holy wrath
 v - a +1 vampiric rapier (weapon)
 J - a +1 rapier of draining
Missiles
 b - 7 poisoned darts
 i - 170 stones
 s - 2 boomerangs
 N - 6 datura-tipped darts (quivered)
Armour
 w - a +0 tower shield
 y - a +0 buckler (worn)
Jewellery
 e - an amulet of magic regeneration (around mantle)
 l - a ring of magical power (left tentacle)
 r - a +4 ring of protection (right tentacle)
 K - a ring of poison resistance (on tentacle)
Wands
 B - a wand of paralysis (10)
 E - a wand of charming (3)
 H - a wand of iceblast (12)
 M - a wand of mindburst (13)
Scrolls
 d - 2 scrolls of enchant weapon
 f - 3 scrolls of enchant armour
 g - 4 scrolls of teleportation
 k - a scroll of silence
 m - a scroll of amnesia
 o - a scroll of noise
 x - 2 scrolls of fog
 F - a scroll of magic mapping {unknown}
Potions
 c - 4 potions of attraction {unknown}
 h - 3 potions of might
 j - a potion of resistance {unknown}
 n - 3 potions of lignification {unknown}
 p - a potion of mutation {unknown}
 u - 3 potions of curing
 z - a potion of invisibility {unknown}
 A - 2 potions of brilliance {unknown}
 C - a potion of ambrosia {unknown}
 D - a potion of flight {unknown}
 G - a potion of haste {unknown}
 I - a potion of cancellation {unknown}


   Skills:
 - Level 5.0 Fighting
 + Level 12.1 Short Blades
 - Level 6.0 Throwing
 + Level 5.2 Dodging
 + Level 9.9 Stealth
 - Level 5.0 Shields
 - Level 5.0 Evocations


You had 10 spell levels left.
You didn't know any spells.
Your spell library contained the following spells:

 Spells                   Type           Power      Damage    Failure   Level
 Magic Dart               Conj           0%         1d3       28%         1
 Sting                    Tmut/Pois      0%         1d3       28%         1
 Call Imp                 Summ           0%         N/A       41%         2
 Poisonous Vapours        Pois/Air       0%         N/A       41%         2
 Mephitic Cloud           Conj/Pois/Air  0%         N/A       65%         3
 Stone Arrow              Conj/Erth      0%         3d7       65%         3
 Olgreb's Toxic Radiance  Pois           0%         N/A       96%         4
 Lehudib's Crystal Spear  Conj/Erth      0%         10d2      100%        8
 Animate Armour           Summ/Erth      Unusable   N/A       N/A         4

Dungeon Overview and Level Annotations

Branches:
Dungeon (9/15)             Temple (1/1) D:4            Lair (0/6) D:9
Ossuary (visited)          Bailey (visited)
    Orc: D:9-12

Altars:
Ashenzari
Cheibriados
Dithmenos
Gozag
Kikubaaqudgha
Makhleb
Nemelex Xobeh
Okawaru
Ru
Sif Muna
Uskayaw
Vehumet
Xom
Yredelemnul
Zin
The Shining One
Lugonu

Shops:
D:4 *   D:5 ![(!=   D:8 *

Annotations:
D:4 1 runed translucent door, Crazy Yiuf
D:5 1 runed translucent door, Delamore's ghost, novice OpBr
D:7 2 transporters
D:9 1 runed translucent door, Delamore's ghost, novice OpBr


Innate Abilities, Weirdness & Mutations

You cannot wear most types of armour.
You are amphibious.
You can wear up to eight rings at the same time.
Your skin changes colour to match your surroundings (Stealth+).
Your rubbery body absorbs attacks. (AC +1, EV +1)
((You are camouflaged near water. (Stealth+)))
You have tentacles for arms and can constrict up to eight enemies at once.


Message History

You puncture the howler monkey!
You feel better.
You grab the howler monkey. You squeeze the howler monkey.
The howler monkey is almost dead.
You constrict the howler monkey.
The howler monkey hoots and howls with incredible vigour!
You puncture the howler monkey!
You feel better.
You kill the howler monkey!
The orc priest casts a cantrip, but nothing happens.
Throw: dart (atropa)
Press: ? - help, Q - select action, (/) - cycle Shift-Dir - straight line, f - two-headed ogre
Aim: a two-headed ogre, wielding two +0 giant clubs (78% to hit, chance to blind on hit: 44%)
You throw an atropa-tipped dart.
The atropa-tipped dart hits the two-headed ogre!
The two-headed ogre resists.
Throw: 7 darts (datura)
Press: ? - help, Q - select action, (/) - cycle Shift-Dir - straight line, f/p - two-headed ogre
Aim: a two-headed ogre, wielding two +0 giant clubs (78% to hit, chance to frenzy on hit: 44%)
You throw a datura-tipped dart.
The datura-tipped dart hits the two-headed ogre!
The two-headed ogre flies into a frenzy!
The two-headed ogre hits you with a +0 giant club!!!
Ouch! That really hurt!
* * * LOW HITPOINT WARNING * * *
The two-headed ogre hits you with a +0 giant club.
* * * LOW HITPOINT WARNING * * *
The two-headed ogre barely misses the orc priest. x2
The orc priest barely misses the two-headed ogre.
The two-headed ogre hits the orc priest with a +0 giant club!!!
The orc priest dies!
Your life force feels restored.
The two-headed ogre shouts in stereo!
The two-headed ogre shouts in stereo!
Aiming: Paralyse
Press: ? - help, Shift-Dir - straight line, f/p - two-headed ogre
Aim: a two-headed ogre, wielding two +0 giant clubs (fast, strong, frenzied and insane, chance to affect: 43%)
Okay, then.
The two-headed ogre misses you.
The two-headed ogre hits you with a +0 giant club!!
You die...
Your body crumbles into a pile of gold.

......#
#............#.........
.......#
#.....................#
.###....#
#.....#...............# .#
#....##....#..............###
##
###..#...#.(>.#....##...###.
# #......#.......####...#.. #
###............# ##...(.
#............# ##.(.#
#.....@..##### ######
#####..O## ##.#... ###..###
##..#..o ###...#####...#..♣
##........($.#.'o.♣
###.........#..#.'$.♣
##..........###..##..♣ #
###..........## #..# ... ##
###.......#....# ##.# ...


You could see a neutral two-headed ogre (fast, strong, insane).

Vanquished Creatures
  3 death yaks
  An orc knight (Bailey)
  Maurice (D:8)
  Psyche (D:9)
  Grinder (D:4)
  2 wraiths (Ossuary)
  Sigmund (D:3)
  9 yaks
  A steam dragon (D:8)
  Edmund (D:4)
  2 water moccasins
  13 orc warriors
  3 black bears
  A necrophage (D:4)
  2 centaurs
  2 ogres
  2 kobold brigands
  A scorpion (D:5)
  2 bullfrogs
  2 gnoll sergeants
  A water moccasin zombie (D:5)
  A wyvern skeleton (D:6)
  4 killer bees (D:7)
  4 howler monkeys
  4 wights (Ossuary)
  A crimson imp (D:5)
  3 lava snakes (D:8)
  5 centaur zombies
  A centaur skeleton (D:7)
  A bullfrog skeleton (D:4)
  A jelly (D:7)
  3 hounds
  A gnoll shaman (D:9)
  Terence (D:2)
  An iguana (D:6)
  3 orc wizards
  A hound skeleton (D:4)
  2 mummies
  9 gnolls
  8 adders
  A howler monkey skeleton (D:6)
  2 white imps
  An ufetubus (D:6)
  An adder zombie (Ossuary)
  An adder skeleton (D:4)
  3 dart slugs
  A worm (D:5)
  25 orcs
  3 endoplasms
  A giant cockroach (D:1)
  10 goblins
  6 hobgoblins
  6 jackals
  15 kobolds
  5 ball pythons
  5 bats
  2 frilled lizards (D:2)
  A hobgoblin skeleton (Ossuary)
  2 hobgoblin zombies (Ossuary)
  3 kobold zombies (Ossuary)
  An orc skeleton (Ossuary)
  A quokka skeleton (D:4)
  3 rats
205 creatures vanquished.

Vanquished Creatures (collateral kills)
  A water moccasin (D:6)
  2 orc priests
  A gnoll (D:6)
4 creatures vanquished.

Grand Total: 209 creatures vanquished

Notes
Turn   | Place    | Note
-------+----------+-------------------------------------------
     0 | D:1      | Delamore the Octopode Brigand began the quest for the Orb.
     0 | D:1      | Reached XP level 1. HP: 14/14 MP: 1/1
   351 | D:1      | Reached XP level 2. HP: 19/19 MP: 2/2
   537 | D:1      | Found a faded altar of an unknown god.
   539 | D:1      | Reached skill level 3 in Short Blades
   750 | D:1      | Reached XP level 3. HP: 24/24 MP: 3/3
  1926 | D:2      | Noticed Terence
  1936 | D:2      | Killed Terence
  1937 | D:2      | Reached XP level 4. HP: 8/29 MP: 4/4
  2284 | D:3      | Found a sacrificial altar of Ru.
  2315 | D:3      | Reached skill level 4 in Short Blades
  2586 | D:3      | Noticed Sigmund
  2607 | D:3      | Killed Sigmund
  2608 | D:3      | Reached skill level 5 in Short Blades
  2608 | D:3      | Reached XP level 5. HP: 21/34 MP: 5/5
  2941 | D:3      | Found a snail-covered altar of Cheibriados.
  2954 | D:3      | Reached XP level 6. HP: 39/39 MP: 6/6
  3333 | D:4      | Found Zin's Purification Station.
  3336 | D:4      | Found a glowing silver altar of Zin.
  3521 | D:4      | Noticed Grinder
  3587 | D:4      | Noticed Edmund
  3616 | D:4      | Killed Edmund
  3826 | D:4      | Reached skill level 6 in Short Blades
  3826 | D:4      | Reached XP level 7. HP: 45/45 MP: 7/7
  3828 | D:4      | Found a staircase to the Ecumenical Temple.
  3842 | Temple   | Entered the Ecumenical Temple
  3941 | Temple   | Became a worshipper of Gozag Ym Sagoz the Greedy
  4065 | D:4      | Found a broken altar of Ashenzari.
  4082 | D:4      | Reached skill level 5 in Throwing
  4230 | D:4      | Killed Grinder
  4231 | D:4      | Reached skill level 7 in Short Blades
  4231 | D:4      | Reached XP level 8. HP: 50/50 MP: 8/8
  4320 | D:4      | Found a runed translucent door.
  4321 | D:4      | Noticed Crazy Yiuf
  4778 | D:5      | Entered Level 5 of the Dungeon
  4778 | D:5      | Found Nezufaso's Distillery.
  4803 | D:5      | Bought a potion of heal wounds for 65 gold pieces
  4803 | D:5      | Bought a potion of curing for 39 gold pieces
  4803 | D:5      | Bought a potion of might for 52 gold pieces
  4827 | D:5      | Found Duyn's Weapon Boutique.
  4827 | D:5      | Found a runed translucent door.
  4833 | D:5      | Noticed Delamore's ghost (novice OpBr)
  4851 | D:5      | Found Bakhlych's Antique Armour Shoppe.
  4903 | D:5      | Found Ecvudd's Distillery.
  4945 | D:5      | Reached skill level 8 in Short Blades
  5507 | D:5      | Noticed a yak
  5507 | D:5      | Noticed a yak
  5509 | D:5      | Noticed a yak
  5526 | D:5      | Noticed a yak
  5528 | D:5      | Killed a yak
  5554 | D:5      | Killed a yak
  5555 | D:5      | Reached skill level 9 in Short Blades
  5570 | D:5      | Killed a yak
  5571 | D:5      | Reached XP level 9. HP: 24/54 MP: 9/9
  5585 | D:5      | Reached skill level 10 in Short Blades
  6186 | D:5      | Found Nemec's Jewellery Boutique.
  6800 | D:6      | Found a sand-covered staircase.
  6811 | Ossuary  | Entered an ossuary
  6957 | Ossuary  | Reached skill level 1 in Evocations
  8126 | D:5      | Bought a ring of poison resistance for 260 gold pieces
  8360 | D:7      | Found a flagged portal.
  8392 | Bailey   | Entered a bailey
  8435 | Bailey   | Reached skill level 1 in Shields
  8973 | Bailey   | Reached skill level 5 in Fighting
  9006 | Bailey   | Reached XP level 10. HP: 18/66 MP: 10/10
  9329 | Bailey   | Reached skill level 5 in Dodging
  9341 | Bailey   | Noticed an orc knight
  9779 | Bailey   | Killed an orc knight
 10055 | Bailey   | Acquired 325 gold pieces
 10371 | D:7      | Found a glowing golden altar of the Shining One.
 10435 | D:7      | Reached skill level 5 in Evocations
 10495 | D:7      | Noticed a white ugly thing
 10496 | D:7      | Noticed a white ugly thing
 10498 | D:7      | Found a corrupted altar of Lugonu.
 10499 | D:7      | Noticed a green ugly thing
 10621 | D:7      | Found a transporter.
 10621 | D:7      | Found a transporter.
 11019 | D:8      | Noticed Maurice
 11025 | D:8      | Killed Maurice
 11149 | D:8      | Reached skill level 11 in Short Blades
 11437 | D:8      | Reached skill level 5 in Shields
 11438 | D:8      | Found a shimmering blue altar of Sif Muna.
 12082 | D:8      | Bought 7 datura-tipped darts for 44 gold pieces
 12334 | D:9      | Noticed a death yak
 12334 | D:9      | Noticed a death yak
 12334 | D:9      | Noticed a death yak
 12374 | D:9      | Killed a death yak
 12375 | D:9      | Reached XP level 11. HP: 63/71 MP: 11/11
 12428 | D:9      | Noticed a death yak
 12431 | D:9      | Noticed a death yak
 12468 | D:8      | Killed a death yak
 12728 | D:9      | Noticed a death yak
 12728 | D:9      | Noticed a death yak
 13097 | D:9      | Found a runed translucent door.
 13098 | D:9      | Noticed Delamore's ghost (novice OpBr)
 13194 | D:8      | Killed a death yak
 13195 | D:8      | Reached skill level 12 in Short Blades
 13465 | D:8      | HP: 1/71 [death yak (26)]
 14347 | D:9      | Found a staircase to the Lair.
 14348 | D:9      | Noticed Psyche
 14376 | D:9      | Killed Psyche
 14712 | D:9      | Noticed a two-headed ogre
 14732 | D:9      | Mangled by a two-headed ogre

Illustrated notes

Levels and vault maps discovered:
D:1:      wander_arrival_chamber, layout_loops_ring,
          shapermc_ecumenical_altar_mp_urbaneastern, roderic_roman_lattice
D:2:      layout_basic, uniq_terence
D:3:      layout_basic, slow_altar_2, nicolae_ru_sacrificial_ziggurat,
          minmay_misc_feat_chi, uniq_sigmund
D:4:      layout_loops_ring, zin_purify, mainiacjoe_overflow_six_doors_small,
          minmay_temple_entry_tees, chequers_serial_rivers_room_b, uniq_grinder,
          uniq_edmund, uniq_crazy_yiuf_cottage
D:5:      layout_loops_ring, serial_shops, nicolae_stop_n_shop_1,
          shop_fountains, shop, shop, nicolae_take_the_stairs,
          gammafunk_ghost_grave, minmay_fire_ice_demons
D:6:      layout_basic, gup_ossuary_entry_pyramid
D:7:      gammafunk_corrupted_shrine, layout_rooms,
          mainiacjoe_overflow_surrounded_room, enter_bailey_4
D:8:      layout_rooms, tgw_sif, grunt_decor_mini_mirrors,
          kennysheep_minor_cross, uniq_maurice
D:9:      layout_cave_pods, dpeg_lair_monsters, gammafunk_ghost_grave,
          serial_glass, glass_columns_b, glass_columns_c,
          kennysheep_generic_room_6, uniq_psyche
Temple:   eino_temple_rhombus

Skill      XL: |  1  2  3  4  5  6  7  8  9 10 11 |
---------------+----------------------------------+-----
Short Blades   | 3 5 6 7 9 10 11 12 | 12.1
Throwing       | 3 4 5 6 |  6.0
Dodging        | 4 5 |  5.2
Fighting       | 5 |  5.0
Evocations     | 3 5 |  5.0
Shields        | 1 5 |  5.0
Stealth        | 8 9 |  9.9

Action                   |  1- 3 |  4- 6 |  7- 9 | 10-12 || total
-------------------------+-------+-------+-------+-------++-------
Melee: Dagger            |    54 |    31 |   176 |       ||   261
       Constrict         |    13 |     7 |    37 |    30 ||    87
       Tentacles         |     4 |     8 |    47 |    69 ||   128
       Rapier            |       |       |    40 |   312 ||   352
Throw: Stone             |    33 |    35 |    10 |    25 ||   103
       Dart              |     1 |    17 |    59 |    73 ||   150
       Boomerang         |       |       |       |     8 ||     8
       Throwing net      |       |       |       |     1 ||     1
Invok: Call Merchant     |       |       |       |     1 ||     1
       Potion Petition   |       |       |       |     1 ||     1
Evoke: Wand              |       |       |     1 |     8 ||     9
  Use: Scroll            |       |     2 |     7 |     1 ||    10
       Potion            |       |       |       |     1 ||     1
 Stab: Sleeping          |    11 |     3 |    26 |    17 ||    57
       Paralysed         |       |       |     1 |       ||     1
Armor: Skin              |     5 |     4 |    16 |    30 ||    55
Dodge: Dodged            |    26 |    11 |   106 |   127 ||   270
Block: Buckler           |       |       |    10 |    44 ||    54
